 Dungeon Crawl Stone Soup version 0.28-a0-1365-g7e0445c96d (webtiles) character file.

Game seed: 1614703500619972019

383 Conn the Firebug (level 6, -5/35 (39) HPs)
             Began as an Octopode Fire Elementalist on Dec 31, 2021.
             Slain by Edmund (16 damage)
             ... on level 5 of the Dungeon.
             The game lasted 00:09:44 (4247 turns).

Conn the Firebug (Octopode Fire Elementalist)       Turns: 4247, Time: 00:09:44

HP:   -5/35 (39)    AC:  1    Str:  8    XL:     6   Next: 76%
MP:   3/11          EV: 13    Int: 19    God:
Gold: 182           SH:  0    Dex: 12    Spells: 4/11 levels left

rFire   . . .      SeeInvis .   a - +0 dagger
rCold   . . .      Faith    .   (no shield)
rNeg    + . .      Spirit   .   (helmet restricted)
rPois   .          Reflect  .   (no amulet)
rElec   .          Harm     .   h - ring of positive energy
rCorr   .          Rampage  .   (no ring)
Will    .....                   (no ring)
Stlth   ++++......              (no ring)
HPRegen 0.11/turn               (no ring)
MPRegen 0.12/turn               (no ring)
                                (no ring)
                                (no ring)

@: heavily drained
A: almost no armour, amphibious, 8 rings, camouflage 1, gelatinous body 1,
(nimble swimmer 1), tentacles
a: no special abilities


You were on level 5 of the Dungeon.
You visited 1 branch of the dungeon, and saw 5 of its levels.

You collected 182 gold pieces.

Inventory:

Hand Weapons
 a - a +0 dagger (weapon)
Missiles
 g - 22 poisoned darts
Magical Staves
 l - a staff of cold
Jewellery
 h - a ring of positive energy (left tentacle)
Wands
 k - a wand of flame (23)
Scrolls
 d - a scroll of magic mapping {unknown}
 e - 4 scrolls of torment {unknown}
 i - 3 scrolls of identify {unknown}
 j - a scroll of summoning {unknown}
 m - a scroll of holy word {unknown}
 n - 2 scrolls of teleportation {unknown}
 o - a scroll of amnesia {unknown}
Potions
 b - 2 potions of might {unknown}
 c - a potion of curing {unknown}
 f - a potion of degeneration {unknown}


   Skills:
 + Level 1.7 Fighting
 + Level 1.3 Short Blades
 + Level 2.7 Dodging
 + Level 4.3 Stealth
 + Level 3.4 Spellcasting
 + Level 2.3 Conjurations
 + Level 0.2 Hexes
 + Level 4.6 Fire Magic


You had 4 spell levels left.
You knew the following spells:

 Your Spells              Type           Power      Damage    Failure   Level
a - Foxfire               Conj/Fire      64%        2x1d7     3%          1
b - Conjure Flame         Conj/Fire      16%        6-21      11%         3
c - Inner Flame           Hex/Fire       12%        N/A       16%         3

Your spell library contained the following spells:

 Spells                   Type           Power      Damage    Failure   Level
 Scorch                   Fire           40%        2d7       3%          2
 Flame Wave               Conj/Fire      16%        2d5       34%         4


Dungeon Overview and Level Annotations

Branches:
Dungeon (5/15)
 Temple: D:4-7

Altars:
Hepliaklqana
Zin
The Shining One

Shops:
D:1 ?=   D:2 [

Annotations:
D:5 Edmund


Innate Abilities, Weirdness & Mutations

You cannot wear most types of armour.
You are amphibious.
You can wear up to eight rings at the same time.
Your skin changes colour to match your surroundings (Stealth+).
Your rubbery body absorbs attacks. (AC +1, EV +1)
((You are camouflaged when in or above water. (Stealth+)))
You have tentacles for arms and can constrict up to eight enemies at once.


Message History

The foxfire hits Edmund.
Flame seeps out of Edmund.
Edmund is lightly wounded.
Edmund is engulfed in blazing flames.
Flame seeps out of Edmund.
Edmund hits you with a +0 dire flail of draining!
You partially resist.
You feel drained.
The foxfire hits Edmund but does no damage.
Edmund is heavily wounded.
The foxfire hits Edmund.
Flame seeps out of Edmund.
Edmund is heavily wounded.
Edmund is engulfed in blazing flames.
Flame seeps out of Edmund.
Unknown command.
A hound comes into view.
Casting: Foxfire (safe; 3% risk of failure)
Confirm with . or Enter, or press ? or * to list all spells.
You conjure some foxfire!
Edmund hits you with a +0 dire flail of draining.
You partially resist.
You feel drained.
Unknown command.
The foxfire hits Edmund but does no damage.
Edmund is severely wounded.
The foxfire hits Edmund.
Flame seeps out of Edmund.
Edmund is severely wounded.
Edmund is engulfed in blazing flames.
Flame seeps out of Edmund.
Unknown command.
Casting: Foxfire (safe; 3% risk of failure)
Confirm with . or Enter, or press ? or * to list all spells.
You conjure some foxfire!
Edmund hits you with a +0 dire flail of draining.
You partially resist.
You feel drained.
Unknown command.
The foxfire hits Edmund but does no damage.
Edmund is severely wounded.
The foxfire hits the hound but does no damage.
The hound barks!
Unknown command.
Casting: Foxfire (safe; 3% risk of failure)
Confirm with . or Enter, or press ? or * to list all spells.
You conjure some foxfire!
Edmund hits you with a +0 dire flail of draining!
You die...

...#...............(#..........#
...#................#..........#
...##[..##..####.####..####'#####
....#...##..#########..####.####.
....#........#...................
....#........#...................
....#........#..h.ยง..............
....'........#..vv...............
....#........#..@@...............
....##+###..#######...###...###..
.........# .##..###...###...###..
.........# ....!................
.........# ...........(.........
.........# .....................
+###..<).####...##....##.##..##..
#........#...##....##.##..####
#........#.............#......


You could see Edmund (inner flame, ally target) and a hound.

Vanquished Creatures
  A sky beast (D:5)
  A crimson imp (D:3)
  Jessica (D:3)
  An iguana (D:4)
  6 adders
  4 gnolls
  An ufetubus (D:5)
  2 worms (D:2)
  3 dart slugs
  7 orcs
  8 ball pythons
  3 endoplasms
  2 giant cockroaches
  5 goblins
  6 hobgoblins
  4 jackals (D:2)
  3 quokkas (D:1)
  7 bats
  4 frilled lizards
  A goblin skeleton (D:3)
  A goblin zombie (D:3)
  3 hobgoblin zombies (D:3)
  6 kobolds
  A kobold skeleton (D:3)
  2 orc skeletons (D:3)
  2 orc zombies (D:3)
  A quokka skeleton (D:4)
  7 rats
93 creatures vanquished.

Vanquished Creatures (others)
  246 foxfires
246 creatures vanquished.

Grand Total: 339 creatures vanquished

Notes
Turn   | Place    | Note
-------+----------+-------------------------------------------
     0 | D:1      | Conn the Octopode Fire Elementalist began the quest for the
                  | Orb.
     0 | D:1      | Reached XP level 1. HP: 11/11 MP: 3/3
    12 | D:1      | Found Yjowapp's Magic Scroll Shop.
    73 | D:1      | Reached XP level 2. HP: 17/17 MP: 0/5
   294 | D:1      | Found Ewa Qyr's Jewellery Shop.
   497 | D:1      | Reached XP level 3. HP: 15/21 MP: 2/6
   812 | D:1      | Found a faded altar of an unknown god.
  1055 | D:1      | You fall into a shaft and drop 1 floor!
  1155 | D:2      | Found Lylom's Antique Armour Shop.
  1258 | D:2      | Reached XP level 4. HP: 27/27 MP: 3/7
  1316 | D:2      | Found a glowing silver altar of Zin.
  1881 | D:3      | Found a glowing golden altar of the Shining One.
  1910 | D:3      | Reached XP level 5. HP: 20/32 MP: 3/9
  2109 | D:3      | Noticed Jessica
  2115 | D:3      | Killed Jessica
  2116 | D:3      | Reached skill level 1 in Short Blades
  2500 | D:3      | Learned a level 3 spell: Conjure Flame
  2504 | D:3      | Learned a level 3 spell: Inner Flame
  2948 | D:3      | Found a faded altar of an unknown god.
  2952 | D:3      | Found a hazy altar of Hepliaklqana.
  3284 | D:3      | Reached XP level 6. HP: 18/37 MP: 7/10
  3503 | D:4      | Reached skill level 1 in Fighting
  3699 | D:4      | Noticed a necrophage
  3758 | D:5      | Entered Level 5 of the Dungeon
  4011 | D:5      | Noticed a sky beast
  4018 | D:5      | Killed a sky beast
  4231 | D:5      | Noticed Edmund
  4247 | D:5      | Slain by Edmund

Illustrated notes

Levels and vault maps discovered:
D:1:      dpeg_arrival_tiny_a, layout_basic, serial_shops, nicolae_diamond_shop,
          nicolae_diamond_shop, shop, basic_ecumenical_altar,
          roderic_roman_lattice, minmay_tetromino_o4
D:2:      layout_rooms, basic_altar, serial_shops,
          nicolae_shop_overgrown_old_shop, minmay_misc_feat_square
D:3:      layout_rooms, nicolae_overflow_ecumenical_swirl,
          nicolae_tso_besieged_by_evil, serial_co_window_serial,
          co_window_of_opportunity_a, co_window_corner_a, co_window_corner_a,
          co_window_paths_a, co_window_of_opportunity_a, co_window_2corner,
          co_window_corner_b, co_window_of_opportunity_b,
          co_window_of_opportunity_c, co_window_4corner_a, glass_columns_a,
          glass_columns_a, glass_columns_a, glass_columns_c, glass_columns_b,
          uniq_jessica
D:4:      layout_basic
D:5:      layout_gridville, serial_shops, kennysheep_mini_moat, uniq_edmund

Skill      XL: |  1  2  3  4  5  6 |
---------------+-------------------+-----
Stealth        | 3 4 |  4.3
Fire Magic     | 4 |  4.6
Short Blades   | 1 |  1.3
Spellcasting   | 3 |  3.4
Conjurations   | 2 |  2.3
Fighting       | 1 |  1.7
Dodging        | |  2.7
Hexes          | |  0.2

Action                   |  1- 3 |  4- 6 || total
-------------------------+-------+-------++-------
Melee: Unarmed           |     6 |       ||     6
       Tentacles         |     3 |    17 ||    20
       Dagger            |    32 |    71 ||   103
       Constrict         |    12 |    20 ||    32
 Cast: Foxfire           |    51 |    93 ||   144
       Conjure Flame     |       |     1 ||     1
       Inner Flame       |       |     2 ||     2
 Stab: Sleeping          |     4 |     9 ||    13
Armor: Skin              |     4 |     8 ||    12
Dodge: Dodged            |    45 |    60 ||   105

Table legend: (Time is in decaauts)
 A = Elapsed time spent in this place.
 B = Non-inter-level travel time spent in this place.
 C = Inter-level travel time spent in this place.
 D = Time resting spent in this place.
 E = Time spent auto-exploring this place.
 F = Levels seen in this place.
 G = Mean time per level.
                   A        B        C        D        E       F      G
               +--------+--------+--------+--------+--------+-----+--------+
         Total |   4246 |   4213 |     33 |    424 |   2484 |   5 |  849.2 |
       Dungeon |   4246 |   4213 |     33 |    424 |   2484 |   5 |  849.2 |
               +--------+--------+--------+--------+--------+-----+--------+

Top non-repeatable levels by time:
     D:3: 1634 daAuts
     D:1: 1054 daAuts
     D:2: 743 daAuts
     D:5: 488 daAuts
     D:4: 326 daAuts
